[Event "Team 45 45 League T53"]
[Site "Internet Chess Club"]
[Date "2012.06.24"]
[Round "6"]
[White "timothysmall56"]
[Black "quotha"]
[Result "1-0"]
[WhiteElo "1628"]
[BlackElo "1634"]
[Opening "Philidor: exchange variation"]
[ECO "C41"]
[Time "17:07:52"]
[TimeControl "2700+45"]

1. e4 e5 2. Nf3 d6 3. d4 exd4 4. Qxd4 Nc6 5. Bb5 Bd7 6. Bxc6 bxc6 7. O-O Qf6 8.
e5 dxe5 9. Qxe5+ Qxe5 10. Nxe5 Bd6 11. Nxd7 Kxd7 12. Nc3 Nf6 13. Bg5 Ng4 14. h3
h6 15. Bh4 Ne5 16. Rad1 f5 17. Rfe1 Rhe8 18. Bg3 Kc8 19. f4 {Black resigns} 1-0

[Event "Team 45 45 League T53"]
[Site "Internet Chess Club"]
[Date "2012.06.21"]
[Round "6"]
[White "vigneshv"]
[Black "BrerRabbit"]
[Result "1/2-1/2"]
[WhiteElo "1541"]
[BlackElo "1483"]
[Opening "King's Indian defense, 3.Nc3"]
[ECO "E61"]
[Time "13:00:39"]
[TimeControl "2700+45"]

1. d4 Nf6 2. c4 g6 3. Nc3 Bg7 4. Bg5 O-O 5. e3 d6 6. Nf3 c5 7. dxc5 dxc5 8. Be2
h6 9. Bh4 Bf5 10. O-O Nc6 11. Qxd8 Rfxd8 12. Rfd1 Rac8 13. Rac1 g5 14. Bg3 Nh5
15. Nd2 Nxg3 16. hxg3 Rd7 17. Nb3 Rxd1+ 18. Rxd1 b6 19. Bf3 Bxc3 20. bxc3 Ne5
21. g4 Nxf3+ 22. gxf3 Be6 23. Kg2 Rc7 24. Rd8+ Kg7 25. Kg3 Bxc4 26. f4 Be6 27.
fxg5 hxg5 28. f4 Rd7 29. Rxd7 Bxd7 30. fxg5 Be6 31. Kf4 a5 32. Nc1 b5 33. a3 b4
34. cxb4 cxb4 35. axb4 axb4 36. Nd3 b3 37. Nb2 f6 38. gxf6+ exf6 39. e4 Kg6 40.
Nd3 Kg7 41. g5 fxg5+ 42. Kxg5 Bc4 43. Nb2 Be6 44. e5 Kf7 45. Kf4 Ke7 46. Ke4 Kd7
47. Kd4 Kc6 48. Nd3 Kb5 49. Kc3 Bf7 50. Nc1 Ka4 51. Kb2 Bc4 52. Kc3 Be6 53. Nd3
Ka3 54. Kd4 Ka2 55. Kc5 b2 56. Nxb2 Kxb2 57. Kd6 Ba2 58. Ke7 Kc2 59. Kd6 Kd3 60.
Ke7 Ke4 61. Kf6 Kd4 62. Kf5 Kd3 63. Kf4 Kc3 64. Ke4 Kd2 65. Kd4 Ke2 66. Kc3 Be6
67. Kd4 Kf2 68. Ke4 Ke2 69. Kd4 Kd2 70. Kc5 Kd3 71. Kd6 Ba2 72. Kc5 Ke4 73. Kd6
Kf5 74. e6 Bxe6 {Game drawn because neither player has mating material} 1/2-1/2

[Event "Team 45 45 League T53"]
[Site "Internet Chess Club"]
[Date "2012.06.22"]
[Round "6"]
[White "RedAttack"]
[Black "siddhu"]
[Result "0-1"]
[WhiteElo "1856"]
[BlackElo "1936"]
[Opening "Queen's pawn game, Darooha variation "]
[ECO "D02"]
[Time "07:00:44"]
[TimeControl "2700+45"]

1. Nf3 d5 2. d4 Nf6 3. g3 g6 4. Bg2 Bg7 5. O-O O-O 6. Nc3 b6 7. Bf4 Bb7 8. Nb5
Na6 9. Re1 c6 10. Nc3 c5 11. Qd2 Ne4 12. Nxe4 dxe4 13. Ng5 e3 14. Qxe3 Bxg2 15.
Kxg2 Bxd4 16. Qc1 e5 17. Bd2 Bxb2 18. Qxb2 Qxd2 19. Nf3 Qb4 20. Qxe5 Rfe8 21.
Qf6 Re6 22. Qg5 Rae8 23. Qh6 f6 24. Rab1 Qc4 25. Qd2 Nb4 26. e3 Qxc2 27. Qxc2
Nxc2 28. Re2 Nd4 29. Nxd4 cxd4 30. Rb3 dxe3 31. fxe3 Rc8 32. Kf3 Kf7 33. h3 Rec6
34. Rd3 R8c7 35. Red2 a5 36. h4 h5 37. Kf4 Rc4+ 38. Kf3 g5 39. hxg5 fxg5 40. Rd6
g4+ 41. Ke2 R7c6 42. R6d5 R4c5 43. Rd7+ Kg6 44. Rd8 Rf6 45. Rg8+ Kf7 46. Rb8
Rcf5 47. Rdd8 Rf2+ 48. Kd3 Ke7 49. Re8+ Kd7 50. Red8+ Kc6 51. Rbc8+ Kb5 52. Rd5+
Kb4 53. Rc4+ Ka3 54. Rxh5 Kxa2 55. Rxg4 Rb2 56. Ra4+ Kb3 57. Rhh4 Rd6+ 58. Rad4
Rxd4+ 59. exd4 a4 60. d5 a3 61. Rh6 b5 62. Ra6 Rb1 63. d6 Rd1+ 64. Ke4 a2 65.
Ke5 a1=Q+ 66. Rxa1 Rxa1 67. d7 Rd1 68. Ke6 Kc3 69. g4 b4 70. g5 b3 71. g6 b2 72.
g7 b1=Q {White resigns} 0-1

[Event "Team 45 45 League T53"]
[Site "Internet Chess Club"]
[Date "2012.06.22"]
[Round "6"]
[White "Twan709"]
[Black "frank001"]
[Result "0-1"]
[WhiteElo "1711"]
[BlackElo "1785"]
[Opening "Sicilian: Najdorf, Byrne (English) attack"]
[ECO "B90"]
[Time "04:01:25"]
[TimeControl "2700+45"]

1. e4 c5 2. Nf3 d6 3. d4 cxd4 4. Nxd4 Nf6 5. Nc3 a6 6. Be3 e5 7. Nf3 Qc7 8. a4
Be7 9. Qd3 O-O 10. Qc4 Nc6 11. Nd5 Qd8 12. Bb6 Qd7 13. h3 Bd8 14. Be2 Nxd5 15.
exd5 Bxb6 16. dxc6 bxc6 17. O-O a5 18. Rad1 Qc7 19. Qd3 Bc5 20. c4 f5 21. Ng5 h6
{White resigns} 0-1

[Event "Team 45 45 League T53"]
[Site "Internet Chess Club"]
[Date "2012.06.26"]
[Round "6"]
[White "crazyhorses"]
[Black "Heian"]
[Result "0-1"]
[WhiteElo "1498"]
[BlackElo "1775"]
[Opening "Ruy Lopez: Classical defense deferred"]
[ECO "C70"]
[Time "17:00:56"]
[TimeControl "2700+45"]

1. e4 e5 2. Nf3 Nc6 3. Bb5 a6 4. Ba4 Bc5 5. O-O b5 6. Bb3 d6 7. c3 Bg4 8. d3 Qf6
9. Nbd2 Nge7 10. a4 b4 11. h3 h5 12. Bd5 Nxd5 13. exd5 Ne7 14. Ne4 Qf5 15. Ng3
Qg6 16. c4 Bxh3 17. d4 exd4 18. Nh4 Qg4 19. Nf3 d3 20. Nd4 Bxd4 {White resigns}
0-1

[Event "Team 45 45 League T53"]
[Site "Internet Chess Club"]
[Date "2012.06.23"]
[Round "6"]
[White "alexping"]
[Black "Sir-Sinister"]
[Result "0-1"]
[WhiteElo "1917"]
[BlackElo "1998"]
[Opening "Queen's pawn game, Chigorin variation"]
[ECO "A40"]
[Time "11:45:38"]
[TimeControl "2700+45"]

1. d4 Nc6 2. Nf3 d5 3. c4 Bg4 4. e3 e5 5. dxe5 dxc4 6. Qxd8+ Rxd8 7. Bxc4 Nxe5
8. Be2 Nd3+ 9. Bxd3 Rxd3 10. Bd2 f6 11. Ke2 Rd8 12. Nc3 Ne7 13. Nb5 c6 14. Nd4
c5 15. Nb3 Nc6 16. h3 Bf5 17. Ne1 c4 18. Nd4 Nxd4+ 19. exd4 Rxd4 20. Be3 Re4 21.
Nf3 Re6 22. a3 Bc5 23. Rhd1 Bd3+ 24. Kd2 Bb6 25. b3 Ba5+ 26. b4 Bc7 27. Kc3 Kf7
28. Ra2 Rd8 29. a4 a5 30. Ne1 Be5+ 31. Kd2 Bb1+ {White resigns} 0-1

[Event "Team 45 45 League T53"]
[Site "Internet Chess Club"]
[Date "2012.06.26"]
[Round "6"]
[White "ILRE"]
[Black "rubo"]
[Result "0-1"]
[WhiteElo "1590"]
[BlackElo "1701"]
[Opening "English: symmetrical, main line with d4"]
[ECO "A39"]
[Time "20:06:29"]
[TimeControl "2700+45"]

1. c4 c5 2. Nc3 Nc6 3. Nf3 Nf6 4. g3 g6 5. Bg2 Bg7 6. O-O O-O 7. d4 cxd4 8. Nxd4
d6 9. Nxc6 bxc6 10. Bxc6 Rb8 11. Bg2 Qa5 12. Rb1 Bf5 13. e4 Be6 14. Qd3 Ng4 15.
Nd5 Bxd5 16. cxd5 Qxa2 17. f4 Rb3 18. Ra1 Rxd3 19. Rxa2 Rb8 20. Kh1 Bd4 21. Ra3
Rxa3 22. bxa3 Rb1 23. Bd2 Nf2+ 24. Kg1 Nxe4+ 25. Kh1 Nxd2 26. Rxb1 Nxb1 27. a4
a5 28. Bf1 Nc3 {White resigns} 0-1

[Event "Team 45 45 League T53"]
[Site "Internet Chess Club"]
[Date "2012.06.26"]
[Round "6"]
[White "zozobob"]
[Black "cheVelle"]
[Result "1-0"]
[WhiteElo "2069"]
[BlackElo "1961"]
[Opening "Four knights: Gunsberg variation"]
[ECO "C47"]
[Time "16:02:22"]
[TimeControl "2700+45"]

1. e4 e5 2. Nf3 Nc6 3. Nc3 Nf6 4. a3 a6 5. d4 exd4 6. Nxd4 Bc5 7. Be3 Qe7 8. Nf5
Qf8 9. Nxg7+ Qxg7 10. Bxc5 d6 11. Be3 Be6 12. Nd5 Bxd5 13. exd5 Ne7 14. c4 Nf5
15. Qd3 Nxe3 16. Qxe3+ Kd8 17. O-O-O Re8 18. Qf3 Ne4 19. Bd3 Nc5 20. Bc2 b5 21.
Rhe1 Rxe1 22. Rxe1 bxc4 23. Qe2 Kc8 24. Qe8+ Kb7 25. Qc6+ Ka7 26. Qxc7+ Nb7 27.
Qxc4 Rb8 28. Qc7 Qxg2 29. Qxf7 Qxh2 30. Bxh7 Qh6+ 31. Kb1 Qd2 32. Rc1 Qxb2+ 33.
Kxb2 {Black resigns} 1-0

[Event "Team 45 45 League T53"]
[Site "Internet Chess Club"]
[Date "2012.06.24"]
[Round "6"]
[White "barbak"]
[Black "L0-VE"]
[Result "1-0"]
[WhiteElo "1908"]
[BlackElo "1960"]
[Opening "Caro-Kann: Panov-Botvinnik attack"]
[ECO "B13"]
[Time "15:00:28"]
[TimeControl "2700+45"]

1. e4 c6 2. d4 d5 3. exd5 cxd5 4. c4 Nf6 5. Nc3 Nc6 6. Bg5 Be6 7. Nge2 h6 8.
Bxf6 exf6 9. Nf4 Qb6 10. Nfxd5 Bxd5 11. Nxd5 Bb4+ 12. Nxb4 Qxb4+ 13. Qd2 Qxd2+
14. Kxd2 Nxd4 15. Bd3 Rd8 16. Rhe1+ Ne6 17. Kc3 O-O 18. Rad1 Rfe8 19. b4 a6 20.
Be4 Rxd1 21. Rxd1 Rd8 22. Rxd8+ Nxd8 23. Kd4 Kf8 24. Kc5 Ke7 25. Kb6 {Black
resigns} 1-0

[Event "Team 45 45 League T53"]
[Site "Internet Chess Club"]
[Date "2012.06.23"]
[Round "6"]
[White "blackcatdillac"]
[Black "CapitanTrueno"]
[Result "1-0"]
[WhiteElo "1792"]
[BlackElo "1806"]
[Opening "King's Indian: Andersson variation"]
[ECO "E92"]
[Time "08:13:19"]
[TimeControl "2700+45"]

1. d4 Nf6 2. c4 g6 3. Nc3 Bg7 4. e4 d6 5. Nf3 O-O 6. Be2 e5 7. dxe5 dxe5 8. Qxd8
Rxd8 9. Bg5 Re8 10. Nd5 Nxd5 11. cxd5 c6 12. Bc4 cxd5 13. Bxd5 Nd7 14. O-O-O h6
15. Bh4 Nf6 16. Bxf6 Bxf6 17. Rd3 Rb8 18. Kb1 Bg4 19. Rc1 b6 20. h3 Be6 21. Rc7
a5 22. Bxe6 Rxe6 23. Rdd7 Rf8 24. Nd2 Rd8 25. Rxd8+ Bxd8 26. Rc8 Rd6 27. Nc4 Rd4
28. Nxe5 Kg7 29. Nf3 Rd7 30. Kc2 Be7 31. Rc4 Bc5 32. Ne5 Rd4 33. Rxd4 Bxd4 34.
Nd3 Kf6 35. f4 Ke6 36. Kb3 f5 37. Kc4 Bg1 38. e5 g5 39. fxg5 hxg5 40. Ne1 Bc5
41. a3 Bf2 42. Nd3 Bg1 43. b4 axb4 44. Kxb4 Kd5 45. Kb5 Bd4 46. a4 Bg1 47. Nb2
Kxe5 48. Nc4+ Kf4 49. Nxb6 Kg3 50. a5 g4 51. hxg4 fxg4 52. a6 Kxg2 53. a7 g3 54.
a8=Q+ Kf1 55. Qa1+ Kf2 56. Nd5 g2 57. Nf4 Bh2 58. Qb2+ {Black resigns} 1-0

[Event "Team 45 45 League T53"]
[Site "Internet Chess Club"]
[Date "2012.06.21"]
[Round "6"]
[White "Pason"]
[Black "abishek"]
[Result "1-0"]
[WhiteElo "2031"]
[BlackElo "1855"]
[Opening "Queen's Indian defense"]
[ECO "A47"]
[Time "13:23:21"]
[TimeControl "2700+45"]

1. d4 Nf6 2. Nf3 b6 3. c4 g6 4. Nc3 Bb7 5. e3 Bg7 6. Bd3 O-O 7. O-O d6 8. Re1
Nbd7 9. e4 e5 10. d5 Nc5 11. Bf1 a5 12. b3 c6 13. dxc6 Bxc6 14. Qc2 Nfxe4 15.
Nxe4 Nxe4 16. Rxe4 Bxe4 17. Qxe4 d5 18. cxd5 f5 19. Qe3 e4 20. Nd4 Qf6 21. Bb2
Qe5 22. f4 exf3 23. Qxe5 f2+ 24. Kxf2 Bxe5 25. Rd1 Bxh2 26. Ne6 Rf7 27. d6 Rd7
28. g3 f4 29. Nxf4 Rad8 30. Bc4+ {Black resigns} 1-0

[Event "Team 45 45 League T53"]
[Site "Internet Chess Club"]
[Date "2012.06.25"]
[Round "6"]
[White "poni"]
[Black "goktrenks"]
[Result "1/2-1/2"]
[WhiteElo "1873"]
[BlackElo "1898"]
[Opening "Sicilian defense"]
[ECO "B20"]
[Time "12:03:39"]
[TimeControl "2700+45"]

1. e4 c5 2. d3 Nc6 3. Nf3 g6 4. g3 Bg7 5. Bg2 e5 6. Nc3 Nge7 7. O-O O-O 8. Be3
Nd4 9. Ne2 d5 10. c3 Nxf3+ 11. Bxf3 d4 12. cxd4 cxd4 13. Bd2 Nc6 14. Bg2 Be6 15.
f4 Qd7 16. Qe1 a5 17. fxe5 Nxe5 18. Nf4 a4 19. Nxe6 Qxe6 20. Qe2 Rfc8 21. Bf4
Rc5 {Game drawn by mutual agreement} 1/2-1/2

[Event "Team 45 45 League T53"]
[Site "Internet Chess Club"]
[Date "2012.06.23"]
[Round "6"]
[White "rahulr"]
[Black "expectnomercy"]
[Result "0-1"]
[WhiteElo "1535"]
[BlackElo "1775"]
[Opening "Nimzo-Indian: three knights variation"]
[ECO "E21"]
[Time "13:02:15"]
[TimeControl "2700+45"]

1. d4 Nf6 2. c4 e6 3. Nc3 Bb4 4. Nf3 b6 5. e3 Ba6 6. Bd3 Nc6 7. O-O Na5 8. c5
Bxd3 9. Qxd3 bxc5 10. dxc5 Bxc5 11. Bd2 Nc6 12. Rac1 Be7 13. Rc2 {White resigns}
0-1

[Event "Team 45 45 League T53"]
[Site "Internet Chess Club"]
[Date "2012.06.21"]
[Round "6"]
[White "seikster"]
[Black "basmaniac"]
[Result "1-0"]
[WhiteElo "1853"]
[BlackElo "1818"]
[Opening "French: Winawer (Nimzovich) variation"]
[ECO "C15"]
[Time "14:09:38"]
[TimeControl "2700+45"]

1. e4 e6 2. d4 d5 3. Nc3 Bb4 4. a3 Bxc3+ 5. bxc3 dxe4 6. Qg4 Nf6 7. Qxg7 Rg8 8.
Qh6 Rg6 9. Qh4 b6 10. Bg5 Nbd7 11. Ne2 h6 12. Bxh6 Rg4 13. Qh3 e5 14. O-O-O Qe7
15. Kb2 Rg6 16. Qh4 Rg4 17. Qh3 Rg6 18. Ng3 Ng4 19. Be3 Nf8 20. Qh5 Nxe3 21.
fxe3 Bg4 22. Bb5+ Kd8 23. dxe5+ Bxd1 24. Rxd1+ Kc8 25. Ba6+ Kb8 26. Nf5 Qe8 27.
Qh4 Ne6 28. Ne7 {Black resigns} 1-0

[Event "Team 45 45 League T53"]
[Site "Internet Chess Club"]
[Date "2012.06.23"]
[Round "6"]
[White "Portola"]
[Black "fishhead"]
[Result "0-1"]
[WhiteElo "1722"]
[BlackElo "1984"]
[Opening "King's Indian: London system"]
[ECO "A48"]
[Time "12:00:45"]
[TimeControl "2700+45"]

1. d4 Nf6 2. Nf3 g6 3. Bf4 Nh5 4. Bg5 h6 5. Bh4 g5 6. Bg3 d6 7. e3 Bg4 8. Be2
Bg7 9. c3 Nd7 10. Qa4 O-O 11. Nbd2 Nb6 12. Qc2 Qd7 13. O-O Nxg3 14. hxg3 e5 15.
dxe5 dxe5 16. Rfe1 Bf5 17. e4 Be6 18. Nb3 Qa4 19. Rec1 Rad8 20. Nc5 Qxc2 21.
Rxc2 Bc8 22. Rcc1 Rfe8 23. Rd1 Rxd1+ 24. Rxd1 Bf8 25. Nb3 f6 26. Nh2 Bd6 27. Ng4
Kg7 28. Ne3 Kg6 29. g4 Nd7 30. Nf5 Bf8 31. Bb5 c6 32. Be2 Nc5 33. Nxc5 Bxc5 34.
g3 Be6 35. a3 Rc8 36. Kg2 Rc7 37. Rd8 Rf7 38. b4 Bf8 39. a4 c5 40. Bb5 cxb4 41.
cxb4 Kh7 42. Be8 Rc7 43. Bh5 Bxb4 44. Nd6 Rd7 45. Rxd7+ Bxd7 46. Nxb7 Bxa4 47.
Bf7 Bc2 48. Bd5 a5 49. Nxa5 Bxa5 50. f3 Kg7 51. Kf1 Bd3+ 52. Kg2 Bb6 53. Bb3 Kf8
54. Bd1 Ke7 {White resigns} 0-1

[Event "Team 45 45 League T53"]
[Site "Internet Chess Club"]
[Date "2012.06.23"]
[Round "6"]
[White "creditordebit"]
[Black "rahulr"]
[Result "1-0"]
[WhiteElo "1902"]
[BlackElo "1531"]
[Opening "Alekhine's defense"]
[ECO "B02"]
[Time "20:04:39"]
[TimeControl "2700+45"]

1. e4 Nf6 2. e5 Nd5 3. c4 Nb6 4. d4 d6 5. Nf3 Bf5 6. Nc3 dxe5 7. Nxe5 N8d7 8.
Qf3 e6 9. Nxf7 Kxf7 10. g4 Nf6 11. gxf5 exf5 12. c5 Nbd5 13. Bc4 c6 14. Bg5 Qd7
15. O-O-O Rd8 16. Rhe1 Be7 17. Re5 g6 18. Rde1 Rhe8 19. Qe2 Kg7 20. Bxd5 Nxd5
21. Bxe7 Nxc3 22. bxc3 {Black resigns} 1-0

[Event "Team 45 45 League T53"]
[Site "Internet Chess Club"]
[Date "2012.06.24"]
[Round "6"]
[White "Killian"]
[Black "lasker25"]
[Result "1-0"]
[WhiteElo "1960"]
[BlackElo "1912"]
[Opening "Two knights defense"]
[ECO "C58"]
[Time "15:11:51"]
[TimeControl "2700+45"]

1. e4 e5 2. Nf3 Nc6 3. Bc4 Nf6 4. Ng5 d5 5. exd5 Na5 6. Bb5+ c6 7. dxc6 bxc6 8.
Bd3 Ng4 9. h3 Nxf2 10. Kxf2 Bc5+ 11. Kf1 Qxg5 12. Nc3 f5 13. Qe2 Qf4+ 14. Qf3
Qxf3+ 15. gxf3 O-O 16. Na4 Bd6 17. c3 Be6 18. b3 e4 19. Be2 Rad8 20. Nb2 Bd5 21.
c4 exf3 22. Bd1 Be4 23. d3 Be5 24. dxe4 fxe4 25. Rb1 e3 26. Bxe3 Bxb2 27. Bxa7
Bc3 28. Rc1 Bb4 29. Be3 Rd3 30. Kf2 Bd2 31. Bxd2 Rxd2+ 32. Ke3 Rxa2 33. Bxf3
Nxb3 34. Rc3 Nd2 35. Bxc6 Nf1+ 36. Kd4 Ng3 37. Rxg3 {Black resigns} 1-0

[Event "Team 45 45 League T53"]
[Site "Internet Chess Club"]
[Date "2012.06.21"]
[Round "6"]
[White "Muravey"]
[Black "ramirozp"]
[Result "1/2-1/2"]
[WhiteElo "2193"]
[BlackElo "1809"]
[Opening "Sicilian"]
[ECO "B50"]
[Time "17:06:35"]
[TimeControl "2700+45"]

1. e4 c5 2. Nf3 d6 3. c3 Nf6 4. h3 Nc6 5. Bd3 e5 6. O-O Be7 7. Re1 O-O 8. Bc2
Qb6 9. d3 Be6 10. Na3 Na5 11. d4 cxd4 12. cxd4 exd4 13. Qxd4 Nc6 14. Qxb6 axb6
15. Bd2 d5 16. e5 Ne4 17. Nb5 Nxd2 18. Nxd2 Bb4 19. Red1 Nxe5 20. a3 Be7 21. Nb3
Nc4 22. Rab1 Bf6 23. N3d4 Rfc8 24. a4 Bxd4 25. Nxd4 Ne5 26. Bb3 Nd7 27. Nb5 Nf6
28. Nc3 Ra5 29. Rd4 h6 30. f3 g6 31. Rbd1 Kg7 32. Kf2 Rca8 33. Rb4 R5a6 34. Nxd5
Nxd5 35. Bxd5 Bxd5 36. Rxd5 Rxa4 37. Rxb6 R8a7 38. Rd7 h5 39. g4 h4 40. Rbxb7
Rxb7 41. Rxb7 Ra1 42. g5 Rh1 43. Kg2 Rd1 44. Rb4 Rd2+ 45. Kg1 Rc2 46. b3 Rb2 47.
Kf1 Kf8 48. Ke1 Kg7 49. Kd1 Rf2 50. Rf4 Rg2 51. Rxh4 Rxg5 52. b4 Rg2 53. Rf4 Rf2
54. h4 f5 55. Kc1 Kf6 56. b5 Ke6 57. b6 Kd7 58. Rc4 Rxf3 59. Kb2 Rf2+ 60. Kb3
Rf3+ 61. Kb4 Rf1 62. Rc7+ Kd6 63. Rg7 Rf4+ 64. Kb5 Rxh4 65. Rg8 Rh1 66. Rxg6+
Ke5 67. b7 Rb1+ 68. Ka6 Ra1+ 69. Kb6 Rb1+ 70. Kc6 Rc1+ 71. Kd7 Rb1 72. Kc7 Rxb7+
73. Kxb7 f4 74. Kc6 f3 75. Rg1 Ke4 76. Kc5 f2 77. Rf1 Ke3 78. Kc4 Ke2 79. Rh1
f1=R 80. Rxf1 Kxf1 {Game drawn because neither player has mating material}
1/2-1/2

[Event "Team 45 45 League T53"]
[Site "Internet Chess Club"]
[Date "2012.06.22"]
[Round "6"]
[White "mellizas2003"]
[Black "rayonline53"]
[Result "1-0"]
[WhiteElo "1706"]
[BlackElo "1572"]
[Opening "Caro-Kann: advance variation"]
[ECO "B12"]
[Time "15:02:24"]
[TimeControl "2700+45"]

1. e4 c6 2. d4 d5 3. e5 Bf5 4. g4 Bg6 5. h4 h6 6. h5 Bh7 7. e6 fxe6 8. Bd3 Bxd3
9. Qxd3 Qd6 10. Nf3 Nd7 11. Nh4 Ngf6 12. Ng6 Rg8 13. Bf4 Qb4+ 14. Nc3 Ne4 15.
O-O Nd6 16. Rfe1 O-O-O 17. Rxe6 Nf6 18. Rxe7 Nb5 19. Nxb5 Bxe7 20. Qf5+ Rd7 21.
Qe5 Bd6 22. Nxd6+ Rxd6 23. Qxd6 Qxd6 24. Bxd6 Rd8 25. Be7 {Black resigns} 1-0

[Event "Team 45 45 League T53"]
[Site "Internet Chess Club"]
[Date "2012.06.25"]
[Round "6"]
[White "Kristian1974"]
[Black "nanning"]
[Result "1/2-1/2"]
[WhiteElo "1612"]
[BlackElo "1627"]
[Opening "Caro-Kann: exchange variation"]
[ECO "B13"]
[Time "05:00:06"]
[TimeControl "2700+45"]

1. e4 c6 2. d4 d5 3. exd5 cxd5 4. Bd3 Nc6 5. c3 Qc7 6. Ne2 Nf6 7. Bf4 e5 8. dxe5
Nxe5 9. O-O Bd6 10. Bxe5 Bxe5 11. Na3 Bxh2+ 12. Kh1 Bd6 13. Nb5 Qb6 14. Qc2 O-O
15. Nxd6 Qxd6 16. Nd4 Qf4 17. Nf5 Ng4 18. g3 Qf3+ 19. Kg1 Bxf5 20. Bxf5 Nf6 21.
Rfe1 Rfe8 22. Bd3 h5 23. Be2 Qe4 24. Qd1 Qg6 25. Qd3 Qg5 26. f4 Qh6 27. Kg2 Rad8
28. Rh1 Qg6 29. Qxg6 fxg6 30. Bf3 d4 31. cxd4 Rxd4 32. Rhd1 Red8 33. Rxd4 Rxd4
34. Bxb7 Rd2+ 35. Kf3 Rxb2 36. Ba6 Kf8 {Game drawn by mutual agreement} 1/2-1/2